 Dungeon Sprint DCSS version 0.20-a0-960-ge493e74 (webtiles) character file.

145 Conn321 the Thaumaturge (level 5, 0/42 HPs)
             Began as a Deep Elf Wizard on Apr 7, 2017.
             Was a Believer of Sif Muna.
             Slain by a fire elemental (7 damage)
             ... in the Dungeon (Sprint V: "Ziggurat Sprint").
             The game lasted 00:01:39 (165 turns).

Conn321 the Thaumaturge (Deep Elf Wizard)            Turns: 165, Time: 00:01:41

Health: 0/42       AC:  2    Str:  9    XL:     5   Next: 6%
Magic:  27/27      EV: 14    Int: 30    God:    Sif Muna [**....]
Gold:   0          SH:  0    Dex: 13    Spells: 19/28 levels left

rFire    + . .     SeeInvis .   J - +6 Majin-Bo {vamp, Archmagi MP+6 Int+6}
rCold    + . .     Gourm    .   (shield currently unavailable)
rNeg     . . .     Faith    .   a - +0 robe
rPois    +         Spirit   .   b - +0 hat
rElec    +         Reflect  .   (no cloak)
rCorr    +         Harm     .   (no gloves)
MR       .....     NoTele   +   (no boots)
Stlth    ..........             (no amulet)
Regen    0.2/turn               (no ring)
MPRegen  0.2/turn               (no ring)

@: berserking, resistant, very quick
A: no striking features
a: Divine Energy, Renounce Religion


You were in the Dungeon.
You worshipped Sif Muna.
Sif Muna was pleased with you.
You were not hungry.

You visited 1 branch

Inventory:

Hand Weapons
 J - the +6 Majin-Bo (weapon) {vamp, Archmagi MP+6 Int+6}
   (You found it in the Dungeon)

   It inflicts no extra harm, but heals its wielder when it wounds a living foe.
   It affects your intelligence (+6).
   It affects your magic capacity (+6).
Armour
 a - a +0 robe (worn)
 b - a +0 hat (worn)
Jewellery
 D - a +6 ring of dexterity
 E - a +6 ring of dexterity
 F - a +6 ring of intelligence
 G - a +6 ring of intelligence
 H - a +6 ring of strength
 I - a +6 ring of strength
Wands
 y - a wand of disintegration (7/24)
 A - a wand of iceblast (3/15)
 B - a wand of lightning (5/15)
 C - a wand of acid (5/15)
Scrolls
 j - 4 scrolls of blinking
 q - 4 scrolls of amnesia
 r - 3 scrolls of recharging
 s - 7 scrolls of fog
 t - a scroll of holy word
 u - 5 scrolls of identify
 v - 5 scrolls of remove curse
 w - 2 scrolls of fear
Potions
 e - 10 potions of curing
 f - 10 potions of heal wounds
 g - 6 potions of haste
 h - 7 potions of magic
 i - 2 potions of berserk rage
 k - 2 potions of brilliance
 l - 2 potions of invisibility
 m - 3 potions of resistance
 o - 5 potions of agility
 p - 5 potions of might
Books
 c - a book of Minor Magic

   Spells                             Type                      Level
   a - Magic Dart                     Conjuration                  1
   b - Blink                          Translocation                2
   c - Call Imp                       Summoning                    2
   d - Slow                           Hexes                        2
   e - Conjure Flame                  Conjuration/Fire             3
   f - Mephitic Cloud                 Conjuration/Poison/Air       3
Comestibles
 d - 4 bread rations
 x - 42 fruits
 z - 4 meat rations


   Skills:
 + Level 4.4 Dodging
 + Level 4.1 Stealth
 + Level 12.2 Spellcasting
 + Level 5.8 Conjurations
   Level 1.1 Summonings
 + Level 1.1 Translocations
 + Level 0.7 Evocations


You had 19 spell levels left.
You knew the following spells:

 Your Spells              Type           Power        Failure   Level  Hunger
a - Magic Dart            Conj           ####         1%          1    None
b - Blink                 Tloc           N/A          2%          2    None
c - Conjure Flame         Conj/Fire      ######..     2%          3    None
d - Mephitic Cloud        Conj/Pois/Air  #####...     3%          3    None


Dungeon Overview and Level Annotations

Branches:
Dungeon (1/1)

Altars:
Ashenzari
Cheibriados
Dithmenos
Elyvilon
Fedhas
Gozag
Hepliaklqana
Kikubaaqudgha
Makhleb
Nemelex Xobeh
Okawaru
Qazlal
Ru
Sif Muna
Trog
Uskayaw
Vehumet
Wu Jian
Xom
Yredelemnul
Zin
The Shining One
Beogh
Jiyva
Lugonu


Message History

Okay, then.
You feel protected.
You hit the fire elemental.
The fire elemental is lightly damaged.
The fire elemental hits you. The fire elemental burns you! You resist.
The fire elemental barely misses you.
You miss the fire elemental.
The fire elemental is lightly damaged.
The fire elemental hits you. The fire elemental burns you! You resist.
The fire elemental barely misses you.
A red film seems to cover your vision as you go berserk!
You feel yourself moving faster!
You feel mighty! The fire elemental hits you. The fire elemental burns you!
You resist.
You barely miss the fire elemental.
The fire elemental is lightly damaged.
The fire elemental closely misses you. The fire elemental hits you.
The fire elemental burns you! You resist.
* * * LOW HITPOINT WARNING * * *
The fire elemental hits you. The fire elemental burns you! You resist.
You die...

▓▓▓▓▓▓▓▓▓▓▓▓▓
▓.8©8.▓.8©8.▓
▓.)"[.▓.....▓
▓...v.▓.|.).▓
▓.....▓.....▓
▓...§.▓..%..▓
▓...EE▓.....▓
▓...@.▓▓▓▓▓▓▓
▓▓▓▓▓▓▓


You could see 2 fire elementals and a fire vortex.

Vanquished Creatures
  A hell hound (D)
  A quasit (D)
2 creatures vanquished.

Vanquished Creatures (others)
  Pikel (D)
1 creature vanquished.

Grand Total: 3 creatures vanquished

Notes
Turn   | Place    | Note
-------+----------+-------------------------------------------
     0 | D        | Conn321 the Deep Elf Wizard began the quest for the Orb.
     0 | D        | Reached XP level 1. HP: 10/10 MP: 7/7
     0 | D        | Found a deep blue altar of Sif Muna.
     0 | D        | Found a bloodstained altar of Trog.
     0 | D        | Found a sacrificial altar of Ru.
     0 | D        | Found a stormy altar of Qazlal.
     0 | D        | Found an iron altar of Okawaru.
     1 | D        | Found a sparkling altar of Nemelex Xobeh.
     1 | D        | Found a blossoming altar of Fedhas.
     3 | D        | Found an ancient bone altar of Kikubaaqudgha.
     3 | D        | Found a viscous altar of Jiyva.
     3 | D        | Found a corrupted altar of Lugonu.
     3 | D        | Found a hazy altar of Hepliaklqana.
     3 | D        | Found a burning altar of Makhleb.
     3 | D        | Found an opulent altar of Gozag.
    19 | D        | Became a worshipper of Sif Muna the Loreminder
    25 | D        | Killed Pikel
    86 | D        | Entered arena 1.
    86 | D        | Noticed a quasit
    86 | D        | Noticed a hell hound
    87 | D        | Reached * piety under Sif Muna
    87 | D        | Reached skill level 8 in Spellcasting
    87 | D        | Reached skill level 5 in Conjurations
    87 | D        | Reached XP level 2. HP: 15/15 MP: 13/13
    89 | D        | Reached skill level 9 in Spellcasting
    89 | D        | Reached XP level 3. HP: 19/19 MP: 14/15
    89 | D        | Killed a hell hound
    89 | D        | Reached ** piety under Sif Muna
    89 | D        | Reached skill level 12 in Spellcasting
    89 | D        | Reached XP level 4. HP: 24/24 MP: 15/20
    89 | D        | Reached XP level 5. HP: 28/28 MP: 15/21
   151 | D        | Learned a level 2 spell: Blink
   155 | D        | Learned a level 3 spell: Conjure Flame
   159 | D        | Learned a level 3 spell: Mephitic Cloud
   159 | D        | Entered arena 2.
   159 | D        | Noticed a fire elemental
   159 | D        | Noticed a fire elemental
   165 | D        | Slain by a fire elemental

Vault maps used:
D:        sprint_v

Skill      XL: |  1  2  3 |
---------------+----------+-----
Spellcasting   | 8 9 12 | 12.2
Conjurations   | 5 |  5.8
Dodging        | 3 4 |  4.4
Stealth        | 3 4 |  4.1
Summonings     | |  1.1
Translocations | |  1.1
Evocations     | |  0.7

Action                   |  1- 3 |  4- 6 || total
-------------------------+-------+-------++-------
Melee: Quarterstaff      |       |     3 ||     3
Evoke: Wand              |     1 |     1 ||     2
  Use: Potion            |     1 |     2 ||     3
  Eat: Bread ration      |     1 |       ||     1
Armor: Robe              |       |     2 ||     2
Dodge: Dodged            |     1 |     3 ||     4
